 Dungeon Crawl Stone Soup version 0.29-a0-284-gf9362112df (webtiles) character file.

Game seed: 13242211543644422965

74 Krypt the Skirmisher (level 4, -1/41 HPs)
             Began as a Hill Orc Fighter on Mar 14, 2022.
             Succumbed to an orc's poison
             ... on level 3 of the Dungeon.
             The game lasted 00:04:28 (1953 turns).

Krypt the Skirmisher (Hill Orc Fighter)             Turns: 1953, Time: 00:04:29

Health: -1/41      AC: 14    Str: 20    XL:     4   Next: 28%
Magic:  4/4        EV:  5    Int:  8    God:
Gold:   97         SH:  4    Dex: 10    Spells: 3/3 levels left

rFire   . . .      SeeInvis .   a - +0 war axe
rCold   . . .      Faith    .   c - +0 buckler
rNeg    . . .      Spirit   .   g - +0 plate armour
rPois   .          Reflect  .   l - +0 hat
rElec   .          Harm     .   j - +0 cloak
rCorr   .          Rampage  .   k - +0 pair of gloves
Will    .....                   (no boots)
Stlth   ..........              (no amulet)
HPRegen 0.13/turn               (no ring)
MPRegen 0.09/turn               (no ring)

@: lethally poisoned (-1 -> -9)
A: no striking features
a: no special abilities


You were on level 3 of the Dungeon.
You visited 1 branch of the dungeon, and saw 3 of its levels.

You collected 97 gold pieces.

Inventory:

Hand Weapons
 a - a +0 war axe (weapon)
Armour
 c - a +0 buckler (worn)
 g - a +0 plate armour (worn)
 j - a +0 cloak (worn)
 k - a +0 pair of gloves (worn)
 l - a +0 hat (worn)
Wands
 h - a wand of mindburst (3)
 i - a wand of polymorph (10)
Potions
 b - a potion of haste
 d - a potion of might
 e - a potion of flight
 f - 3 potions of attraction


   Skills:
 + Level 4.6 Fighting
 + Level 4.1 Axes
 + Level 3.7 Armour
 + Level 0.1 Dodging
 + Level 3.4 Shields


You had 3 spell levels left.
You didn't know any spells.
Your spell library contained the following spells:

 Spells                   Type           Power      Damage    Failure   Level
 Sandblast                Erth           0%         2d4       100%        1
 Sting                    Tmut/Pois      0%         1d3       100%        1
 Summon Small Mammal      Summ           0%         N/A       100%        1
 Poisonous Vapours        Pois/Air       0%         N/A       100%        2
 Call Canine Familiar     Summ           0%         N/A       100%        3
 Summon Guardian Golem    Hex/Summ       0%         N/A       100%        3
 Animate Dead             Necr           0%         N/A       100%        4
 Cause Fear               Hex            0%         N/A       100%        4
 Hailstorm                Conj/Ice       0%         3d3       100%        4
 Ice Form                 Ice/Tmut       0%         N/A       100%        4
 Olgreb's Toxic Radiance  Pois           0%         N/A       100%        4
 Petrify                  Tmut/Erth      0%         N/A       100%        4
 Simulacrum               Ice/Necr       0%         N/A       100%        6
 Dragon Form              Tmut           0%         N/A       100%        7
 Enfeeble                 Hex            0%         N/A       100%        7
 Haunt                    Necr/Summ      0%         N/A       100%        7
 Infestation              Necr           0%         N/A       100%        8
 Dragon's Call            Summ           0%         N/A       100%        9


Dungeon Overview and Level Annotations

Branches:
Dungeon (3/15)

Altars:


Message History

You barely miss the orc.
You feel very sick. The orc hits you but does no damage.
You are more poisoned.
You barely miss the orc.
You feel very sick. The orc hits you but does no damage.
You are more poisoned.
The orc hits you but does no damage.
You are lethally poisoned!
You slash the orc!
You kill the orc!
You feel extremely sick.
The ball python bites you but does no damage.
The ball python barely misses you.
You are too injured to fight recklessly!
You are too injured to fight recklessly!
Aiming: Mindburst
Press: ? - help, Shift-Dir - straight line, f - ball python
Aim: a ball python (chance to affect: 79%)
The ball python barely resists.
* * * LOW HITPOINT WARNING * * *
You feel very sick.
The ball python bites you but does no damage.
The ball python grabs you. The ball python constricts you.
Aiming: Mindburst
Press: ? - help, Shift-Dir - straight line, f/p - ball python
Aim: a ball python (constricting you, chance to affect: 79%)
The ball python's mind is blasted!
You blow up the ball python!
* * * LOW HITPOINT WARNING * * *
You feel very sick.
You are too injured to fight recklessly!
You hit the rat.
You kill the rat!
* * * LOW HITPOINT WARNING * * *
You feel very sick.
* * * LOW HITPOINT WARNING * * *
You feel very sick.
You die...

... ..# ... #.
#.# #.# #.#
#..###.#
#.)..#
#.#..######
#.).@.....#
#...###.####.#
#.# ##.##<#
#...##..##.#
...........#
.#.#######.#
###


There were no monsters in sight!

Vanquished Creatures
  3 adders
  An orc (D:3)
  4 ball pythons
  5 endoplasms
  2 giant cockroaches
  5 goblins
  4 hobgoblins (D:1)
  3 jackals (D:1)
  3 quokkas
  2 frilled lizards
  4 kobolds
  6 rats
42 creatures vanquished.

Notes
Turn   | Place    | Note
-------+----------+-------------------------------------------
     0 | D:1      | Krypt the Hill Orc Fighter began the quest for the Orb.
     0 | D:1      | Reached XP level 1. HP: 19/19 MP: 1/1
   150 | D:1      | Reached XP level 2. HP: 24/27 MP: 2/2
   634 | D:2      | Reached XP level 3. HP: 33/33 MP: 3/3
  1297 | D:2      | Got the Guide on Enchantment and Clay
  1473 | D:2      | Reached XP level 4. HP: 41/41 MP: 4/4
  1754 | D:2      | Found a faded altar of an unknown god.
  1952 | D:3      | HP: 1/41 [poisoned by an orc]
  1953 | D:3      | Succumbed to an orc's poison

Illustrated notes

Levels and vault maps discovered:
D:1:      dpeg_arrival_connections, layout_rooms, serial_corexii_hall,
          corexii_hall_statues_t, corexii_hall_statues_l
D:2:      layout_basic, ebering_ecumenical_altar_mist,
          minmay_randomly_rotated_circles
D:3:      layout_basic, minmay_starry_boxes

Skill      XL: |  1  2  3  4 |
---------------+-------------+-----
Fighting       | 4 |  4.6
Axes           | 3 4 |  4.1
Armour         | |  3.7
Dodging        | |  0.1
Shields        | |  3.4

Action                   |  1- 3 |  4- 6 || total
-------------------------+-------+-------++-------
Melee: War axe           |    76 |    17 ||    93
Evoke: Wand              |       |     2 ||     2
  Use: Scroll            |     5 |     1 ||     6
Armor: Scale mail        |    24 |       ||    24
       Plate armour      |    38 |    16 ||    54
Dodge: Dodged            |    23 |     6 ||    29
Block: Buckler           |    13 |     2 ||    15

Table legend: (Time is in decaauts)
 A = Elapsed time spent in this place.
 B = Non-inter-level travel time spent in this place.
 C = Inter-level travel time spent in this place.
 D = Time resting spent in this place.
 E = Time spent auto-exploring this place.
 F = Levels seen in this place.
 G = Mean time per level.
                   A        B        C        D        E       F      G
               +--------+--------+--------+--------+--------+-----+--------+
         Total |   1986 |   1941 |     45 |    503 |   1117 |   3 |  662.0 |
       Dungeon |   1986 |   1941 |     45 |    503 |   1117 |   3 |  662.0 |
               +--------+--------+--------+--------+--------+-----+--------+

Top non-repeatable levels by time:
     D:2: 1324 daAuts
     D:1: 624 daAuts
     D:3: 37 daAuts
